Cogmind - Beta 12 @@@ ROGUE MODE // 2023.03.07 @ 19:30:25 Player: Delta Epsilon Result: Self-destructed Performance ------------- Evolutions (4) 2000 Regions Visited (13) 2600 Robots Destroyed (199) 995 Value Destroyed (5860) 5860 Prototype IDs (36) 720 Alien Tech Used (0) 0 Bonus (4) 4 TOTAL SCORE: 12179 Bonus ------- High Alert Combat Kills 212 Follower Combat Kills 37 Aligned with FarCom 300 Friendly Fire -545 Cogmind --------- Core Integrity 850/850 Matter 295/300 Energy 29/100 System Corruption 0% Temperature Cool (0) Movement Treading (160) Location -6/Factory Parts ------- > --- POWER (1) -------- (None) > --- PROPULSION (2) --- Light Treads > --- UTILITY (8) ------ Improved Heat Sink Hardened Medium Armor Plating Improved Light Armor Plating Long-range Tractor Beam > --- WEAPON (4) ------- Heavy Battle Rifle > --- INVENTORY (5) ---- Improved Signal Interpreter Hardened Medium Armor Plating Improved Field Recycling Unit (85) Phasing AFG Mini Grenade Launcher Peak State ------------ > --- POWER ------------ Neutrino Core > --- PROPULSION ------- Medium Treads Medium Treads > --- UTILITY ---------- Humpback Advanced Targeting Computer Target Analyzer Bomb Factory No. 2 > --- WEAPON ----------- Enhanced Autogun Gauss Rifle Gauss Rifle Gauss Rifle > --- INVENTORY -------- Light Deuterium Engine Medium Treads Improved Heat Sink Structural Scanner Machine Analyzer Improved Signal Interpreter Weapon Cycler Hardened Medium Armor Plating Hardened Medium Armor Plating Hardened Medium Armor Plating Hardened Medium Armor Plating Hardened Medium Armor Plating Hardened Medium Armor Plating Hardened Medium Armor Plating Reflective Plating Reflective Plating Long-range Tractor Beam Improved Field Recycling Unit Heavy Ion Cannon Heavy Assault Rifle Improved Assault Rifle Improved Assault Rifle Barrage Gun Gauss Rifle Gauss Rifle Rocket Launcher Rocket Launcher Mini Grenade Launcher Mini Grenade Launcher Heavy Missile Launcher Plasma Cutter Maul Deploy-a-Sentry Deploy-a-Sentry [Rating: 60] Favorites ----------- Power Neutrino Core Engine Ion Engine Power Core Neutrino Core Propulsion Medium Treads Treads Medium Treads Wheel Armored Wheel Utility Humpback Device Shield Generator Storage Humpback Processor Advanced Targeting Computer Protection Hardened Medium Armor Plating Weapon Gauss Rifle Energy Gun Small Laser Energy Cannon Heavy Ion Cannon Ballistic Gun Gauss Rifle Launcher Rocket Launcher Special Weapon Plasma Cutter Impact Weapon Maul Build | -11 -10 -10 -9 -9 -9 -8 -8 -7 -7 -7 -7 -6 -6 ------- Run | Jun Mat Min Mat Min Exi Min Mat Fac Low Low Zio Pro Fac Slots Evolved 8 | . . . 2 . . . 2 2 . . . . 2 Power . | . . . . . . . . . . . . . . Propulsion . | . . . . . . . . . . . . . . Utility 6 | . . . 1 . . . 1 2 . . . . 2 Weapon 2 | . . . 1 . . . 1 . . . . . . Parts Attached 180 | 6 17 . 20 . 6 2 22 43 6 3 12 41 2 Power 12 | 1 4 . 1 . . . 2 1 1 . . 2 . Engine 9 | 1 3 . 1 . . . 1 1 . . . 2 . Core 3 | . 1 . . . . . 1 . 1 . . . . Reactor . | . . . . . . . . . . . . . . Propulsion 21 | 2 1 . 4 . . . 2 5 . 2 . 5 . Treads 12 | 2 1 . 2 . . . . . . 2 . 5 . Leg . | . . . . . . . . . . . . . . Wheel 9 | . . . 2 . . . 2 5 . . . . . Hover . | . . . . . . . . . . . . . . Flight . | . . . . . . . . . . . . . . Utility 66 | 1 4 . 4 . 3 . 9 20 4 . 4 15 2 Device 27 | . 1 . 2 . 1 . 4 8 2 . 2 6 1 Storage 7 | 1 2 . . . 1 . 1 2 . . . . . Processor 4 | . . . . . . . . 3 . . . . 1 Hackware . | . . . . . . . . . . . . . . Protection 28 | . 1 . 2 . 1 . 4 7 2 . 2 9 . Artifact . | . . . . . . . . . . . . . . Weapon 81 | 2 8 . 11 . 3 2 9 17 1 1 8 19 . Energy Gun 2 | 1 . . 1 . . . . . . . . . . Energy Cannon 3 | . . . . . . . 1 . . . . 2 . Ballistic Gun 55 | 1 6 . 9 . 3 1 6 12 1 1 7 8 . Ballistic Cannon . | . . . . . . . . . . . . . . Launcher 15 | . 1 . 1 . . 1 1 3 . . . 8 . Special Weapon 1 | . . . . . . . . . . . . 1 . Impact Weapon 5 | . 1 . . . . . 1 2 . . 1 . . Slashing Weapon . | . . . . . . . . . . . . . . Piercing Weapon . | . . . . . . . . . . . . . . Special Melee Weapon . | . . . . . . . . . . . . . . Unidentified Prototypes 8 | . 1 . 1 . . . 1 2 . . 2 . 1 Parts Lost 30 | . . . 1 . . . 2 4 . 3 . 17 3 Power 2 | . . . . . . . . . . . . 1 1 Propulsion 9 | . . . . . . . 1 2 . 2 . 3 1 Utility 10 | . . . 1 . . . 1 2 . . . 5 1 Weapon 9 | . . . . . . . . . . 1 . 8 . Highest Loss Streak 13 | . . . 1 . . . 1 2 . 2 . 13 3 To Critical Strikes . | . . . . . . . . . . . . . . Average Slot Usage (%) 90 | . 96 100 99 100 68 88 89 91 92 89 88 79 57 Engine 3 | . 12 . 4 11 11 11 1 7 . . . 1 4 Core 4 | . 1 14 6 . . . 7 . 6 7 7 4 . Treads 8 | . 27 28 10 . . . . . . 11 15 12 13 Wheel 8 | . . . 11 22 22 22 17 14 15 1 . . . Device 5 | . 8 . 10 11 9 . 8 6 2 . 1 5 13 Storage 8 | . 16 14 11 11 11 11 8 7 7 7 7 4 . Processor 7 | . . . . . . . . 13 15 15 15 9 . Protection 10 | . . 14 11 11 10 11 9 9 12 15 10 13 20 Ballistic Gun 28 | . 25 28 32 33 3 32 35 29 30 30 22 22 6 Impact Weapon 1 | . . . . . . . . . . . 5 . . Naked Turns 19 | . . . . . . . . . . . . 19 . Heaviest Build 260 | 12 90 90 103 103 221 221 228 244 247 238 260 246 35 Greatest Support 56 | 40 40 40 40 24 24 24 28 32 26 56 56 56 48 Greatest Overweight (x) 79 | . 2 2 8 4 9 9 9 23 9 79 4 71 1 Average Overweight (x) 5 | . . 2 3 4 3 9 8 9 9 5 3 2 . Largest Inventory Capacity 35 | 8 25 25 25 25 35 35 35 35 35 35 35 35 5 Average Capacity 31 | 6 17 25 25 25 26 35 34 35 35 35 35 23 5 Most Carried 35 | 1 17 18 25 25 25 26 35 35 35 35 35 35 5 Average Carried 28 | . 8 17 23 25 24 25 29 34 34 34 33 23 4 Final Capacity 35 | 8 25 25 25 25 35 35 35 35 35 35 35 5 5 Final Carried 35 | 1 17 18 25 25 25 26 34 35 35 34 35 5 5 Class Distribution -------------------- 48% | Hauler-Gunner 16% | Hauler-Tank 12% | Mutant 11% | Tank 5% | Hauler-Skirmisher Dominant Class ---------------- Mutant | -10/Materials Mutant | -10/Mines Tank | -9/Materials Tank | -9/Mines Mutant | -9/Exiles Hauler-Skirmisher | -8/Mines Hauler-Tank | -8/Materials Hauler-Gunner | -7/Factory Hauler-Gunner | -7/Lower Caves Hauler-Gunner | -7/Lower Caves Hauler-Gunner | -7/Zion Hauler-Gunner | -6/Proximity Caves Scavenger-Mutant | -6/Factory Resources | -11 -10 -10 -9 -9 -9 -8 -8 -7 -7 -7 -7 -6 -6 ----------- Run | Jun Mat Min Mat Min Exi Min Mat Fac Low Low Zio Pro Fac Matter Collected 6703 | 260 166 87 1099 9 . 191 1840 1439 182 398 141 811 80 Remotely 1032 | . . . . . . . 153 431 29 . . 339 80 Salvage Created 8467 | . 405 96 1843 . . 242 2679 1960 173 458 . 611 . Parts 451 | . 26 5 122 . . 15 119 108 9 21 . 26 . Haulers Intercepted 15 | . 1 . 4 . . . 6 4 . . . . . Recyclers Shooed 8 | . 1 . 4 . . . 2 1 . . . . . Parts Field Recycled 20 | . . . . . . . . 10 10 . . . . Retrieved Matter 231 | . . . . . . . . 138 93 . . . . Parts Self-Destructed 35 | . . . . . . . . . 4 14 . 17 . Prevented 1 | . . . . . . . . . 1 . . . . Kills | -11 -10 -10 -9 -9 -9 -8 -8 -7 -7 -7 -7 -6 -6 ------- Run | Jun Mat Min Mat Min Exi Min Mat Fac Low Low Zio Pro Fac Combat Hostiles Destroyed 125 | . 8 2 32 . . 6 27 25 1 8 . 16 . Guns 100 | . 6 2 28 . . 4 25 21 1 8 . 5 . AOE 25 | . 2 . 4 . . 2 2 4 . . . 11 . Classes Destroyed 20 | . 6 . 3 . . 1 3 3 2 1 . 1 . Worker 5 | . 1 . . . . . 1 3 . . . . . Builder 8 | . . . 1 . . . 5 2 . . . . . Tunneler 2 | . . . . . . . 1 1 . . . . . Hauler 15 | . 1 . 4 . . . 6 4 . . . . . Recycler 24 | . 1 . 4 . . 1 12 6 . . . . . Minesweeper 1 | . . . . . . . . . . 1 . . . Mechanic 2 | . . . . . . . . 2 . . . . . Operator 1 | . . . 1 . . . . . . . . . . Turret 1 | . . . . . . . . . . . . 1 . Watcher 14 | . 1 . 5 . . . 4 4 . . . . . Swarmer 26 | . 3 . 8 . . 3 4 . . 4 . 4 . Grunt 54 | . 5 2 15 . . 2 14 8 1 2 . 5 . Brawler 7 | . . . . . . 1 2 2 . . . 2 . Duelist 3 | . . . . . . . . 2 . . . 1 . Sentry 20 | . . . 9 . . . 4 3 . 1 . 3 . Hunter 8 | . . . . . . . 2 4 . . . 2 . Programmer 6 | . . . . . . . . 6 . . . . . Heavy 1 | . . . . . . . 1 . . . . . . Samaritan 3 | . . . . . . . . . 1 2 . . . Mutant 2 | . . . . . . . . . 1 1 . . . Best Kill Streak 8 | . 4 2 5 . . 3 5 8 1 2 . 7 . Combat Bots Only 7 | . 4 2 5 . . 3 4 5 1 2 . 7 . Max Kills in Single Turn 4 | . 2 1 4 . . 1 2 3 1 1 . 4 . Gunslinging 1 | . . . 1 . . . 1 . . . . . . Exploded 4 | . 2 . 4 . . 1 2 3 . . . 4 . Melee . | . . . . . . . . . . . . . . Uniques/NPCs Destroyed . | . . . . . . . . . . . . . . Combat | -11 -10 -10 -9 -9 -9 -8 -8 -7 -7 -7 -7 -6 -6 -------- Run | Jun Mat Min Mat Min Exi Min Mat Fac Low Low Zio Pro Fac Damage Taken 7463 | . 456 45 587 . . 168 1219 1335 . 409 . 3104 140 Core 947 | . 58 . 89 . . 18 110 109 . 14 . 549 . Absorbed by Shields 968 | . 42 . 201 . . . 360 365 . . . . . Regen/Repaired (Parts) 316 | . 64 . 99 . . . 90 63 . . . . . Core Remaining (%) 66 | 100 . 76 . . . 73 80 . . . . 4 . Volleys Fired 451 | . 40 7 111 . . 11 114 83 5 29 1 50 . Largest 4 | . 2 2 3 . . 3 4 4 4 4 3 4 . Hottest 123 | . 60 40 107 . . 69 97 105 102 104 84 123 . Shots Fired 1472 | . 79 14 332 . . 29 444 329 20 114 3 108 . Gun 1421 | . 78 14 331 . . 27 441 320 20 114 3 73 . Cannon 2 | . . . . . . . . . . . . 2 . Launcher 34 | . 1 . 1 . . 2 3 9 . . . 18 . Special 15 | . . . . . . . . . . . . 15 . Kinetic 1406 | . 64 14 330 . . 27 441 320 20 114 3 73 . Thermal 32 | . 14 . 1 . . . . . . . . 17 . Explosive 34 | . 1 . 1 . . 2 3 9 . . . 18 . Electromagnetic . | . . . . . . . . . . . . . . Robot Hit Streak 21 | . 10 5 13 . . 8 11 21 10 15 1 17 . Robot Miss Streak 5 | . 4 2 5 . . 1 5 2 1 5 2 4 . Penetration Max 1 | . . . . . . . 1 1 . . . . . Secondary Targets 19 | . 1 1 6 . . 1 5 2 . 2 . 1 . Max Gunslinging Chain 1 | . 1 1 1 . . 1 1 1 . 1 . 1 . Shots Hit Robots 886 | . 50 10 202 . . 19 238 219 12 64 1 71 . Core Hits 404 | . 25 6 84 . . 11 93 99 8 25 . 53 . Critical Kills 8 | . . . 1 . . . 1 4 . 1 . 1 . Critical Parts Destroyed 14 | . . . . . . . 1 10 . 3 . . . Critical Strikes 22 | . . . 1 . . . 2 14 . 4 . 1 . Destroy 22 | . . . 1 . . . 2 14 . 4 . 1 . Melee Attacks 9 | . 3 . . . . . 2 3 . . 1 . . Impact 9 | . 3 . . . . . 2 3 . . 1 . . Slashing . | . . . . . . . . . . . . . . Piercing . | . . . . . . . . . . . . . . Sneak Attacks 1 | . . . . . . . 1 . . . . . . Combat Hostiles . | . . . . . . . . . . . . . . Follow-up Attacks . | . . . . . . . . . . . . . . Damage Inflicted 16070 | . 542 76 2782 . . 457 4187 4390 198 907 . 2531 . Guns 12849 | . 440 72 2584 . . 287 3934 3476 198 907 . 951 . Cannons . | . . . . . . . . . . . . . . Explosions 2996 | . 99 . 161 . . 144 182 914 . . . 1496 . Melee 71 | . . . . . . . 71 . . . . . . Ramming 70 | . 3 4 37 . . 26 . . . . . . . Kinetic 12758 | . 349 72 2584 . . 287 3934 3476 198 907 . 951 . Thermal 175 | . 91 . . . . . . . . . . 84 . Explosive 2996 | . 99 . 161 . . 144 182 914 . . . 1496 . Electromagnetic . | . . . . . . . . . . . . . . Impact 71 | . . . . . . . 71 . . . . . . Slashing . | . . . . . . . . . . . . . . Piercing . | . . . . . . . . . . . . . . Highest Corruption 12 | . . . 1 1 1 1 1 2 2 2 2 12 . Average Corruption 2 | . . . 1 1 1 1 1 1 2 2 2 11 . Corruption Purged . | . . . . . . . . . . . . . . Corruption Blocked . | . . . . . . . . . . . . . . Effects 124 | . . . 3 1 3 9 10 29 11 24 3 31 . Message Errors 36 | . . . . . . 4 5 7 3 6 1 10 . Matter Fused 28 | . . . . 1 . 1 . 11 3 4 . 8 . Heat Flow Errors 7 | . . . . . . . 1 5 1 . . . . Energy Discharges 15 | . . . . . 1 1 2 2 2 4 1 2 . Parts Rejected 2 | . . . . . . . . . . . . 2 . Parts Fused 1 | . . . . . . . . . . 1 . . . Data Loss (minor) 24 | . . . 1 . 2 3 1 1 2 6 1 7 . Data Loss (major) 4 | . . . 1 . . . 1 . . 1 . 1 . Misfires 2 | . . . 1 . . . . 1 . . . . . Alerts 1 | . . . . . . . . 1 . . . . . Misdirections 1 | . . . . . . . . . . . . 1 . Weapon Failures 3 | . . . . . . . . 1 . 2 . . . Overload Shots . | . . . . . . . . . . . . . . Overflow Damage 136 | . . . 28 . . 14 45 31 . . . 18 . Projectiles . | . . . . . . . . . . . . . . Explosions 95 | . . . 28 . . 14 4 31 . . . 18 . Melee 41 | . . . . . . . 41 . . . . . . Knockbacks 2 | . . . 1 . . . 1 . . . . . . Impact 2 | . . . 1 . . . 1 . . . . . . Kinetic . | . . . . . . . . . . . . . . Secondary . | . . . . . . . . . . . . . . Self-Inflicted Damage 275 | . 9 . 40 . . 45 49 41 . . . 91 . Shots 9 | . 1 . 1 . . 1 1 1 . . . 4 . Rammed 5 | . 2 1 1 . . 1 . . . . . . . Targets Rammed 5 | . 2 1 1 . . 1 . . . . . . . Kicked . | . . . . . . . . . . . . . . Crushed . | . . . . . . . . . . . . . . Highest Temperature 278 | . 116 47 205 . . 72 225 264 215 275 36 278 . Average Temperature 64 | . 41 21 45 . . 26 63 59 61 91 19 133 . Received Heat Transfer 2067 | . 199 27 225 . . 36 360 244 . 45 . 886 45 Effects 1 | . . . . . . . 1 . . . . . . Interference 1 | . . . . . . . 1 . . . . . . Siege Activations . | . . . . . . . . . . . . . . Robots Corrupted . | . . . . . . . . . . . . . . Combat Hostiles . | . . . . . . . . . . . . . . Parts Fried 2 | . . . . . . . 2 . . . . . . Impact Corruptions 2 | . . . . . . . 2 . . . . . . Robots Melted . | . . . . . . . . . . . . . . Combat Hostiles . | . . . . . . . . . . . . . . Parts Melted 1 | . 1 . . . . . . . . . . . . Heat Transferred 496 | . 200 . . . . . . . . . . 296 . Parts Sabotaged 3 | . . . . . . . . . . . . 3 . Parts Stolen . | . . . . . . . . . . . . . . Parts Stripped . | . . . . . . . . . . . . . . Power Chain Reactions . | . . . . . . . . . . . . . . Missiles Intercepted . | . . . . . . . . . . . . . . Alert | -11 -10 -10 -9 -9 -9 -8 -8 -7 -7 -7 -7 -6 -6 ------- Run | Jun Mat Min Mat Min Exi Min Mat Fac Low Low Zio Pro Fac Peak Influence 621 | . 173 50 621 241 . 189 556 612 . . . . 25 Initial 241 | . . . . 241 . . 29 240 . . . . 25 Average 144 | . 63 20 189 241 . 38 166 178 . . . . 20 Maximum Alert Level 2 | . . . 2 1 . . 2 2 . . . . . Low Security (%) 74 | 100 100 100 64 . . 100 62 73 . . . . 100 Level 1 15 | . . . 11 100 . . 29 16 . . . . . Level 2 10 | . . . 24 . . . 8 10 . . . . . Level 3 . | . . . . . . . . . . . . . . Level 4 . | . . . . . . . . . . . . . . Level 5 . | . . . . . . . . . . . . . . High Security . | . . . . . . . . . . . . . . Max Security . | . . . . . . . . . . . . . . Squads Dispatched 25 | . 1 . 5 . . . 4 13 . . . 1 1 Investigation 7 | . 1 . 2 . . . 2 2 . . . . . Extermination 5 | . . . . . . . . 5 . . . . . Reinforcement 8 | . . . 3 . . . 1 3 . . . . 1 Assault 4 | . . . . . . . 1 2 . . . 1 . Garrison 1 | . . . . . . . . 1 . . . . . Intercept . | . . . . . . . . . . . . . . Searches Triggered . | . . . . . . . . . . . . . . Construction Impeded . | . . . . . . . . . . . . . . Haulers Reinforced 2 | . . . . . . . . 2 . . . . . Active Scanning Responses . | . . . . . . . . . . . . . . Cargo Convoy Interrupts . | . . . . . . . . . . . . . . Stealth | -11 -10 -10 -9 -9 -9 -8 -8 -7 -7 -7 -7 -6 -6 --------- Run | Jun Mat Min Mat Min Exi Min Mat Fac Low Low Zio Pro Fac Distress Signals 4 | . . . 3 . . . 1 . . . . . . Communications Jammed . | . . . . . . . . . . . . . . Distress Signals . | . . . . . . . . . . . . . . Times Spotted 174 | . 13 2 44 . . 6 33 37 . 10 . 25 4 Peak Tracking Total 10 | . 6 2 4 . . 3 4 5 . 3 . 10 4 Tactical Retreats 2 | . . . . . . . 1 . . 1 . . . Traps | -11 -10 -10 -9 -9 -9 -8 -8 -7 -7 -7 -7 -6 -6 ------- Run | Jun Mat Min Mat Min Exi Min Mat Fac Low Low Zio Pro Fac Traps Triggered 8 | . 1 . 3 . . . 3 1 . . . . . Indirectly . | . . . . . . . . . . . . . . Trap Hack Attempts . | . . . . . . . . . . . . . . Triggered . | . . . . . . . . . . . . . . Disarmed . | . . . . . . . . . . . . . . Reprogrammed . | . . . . . . . . . . . . . . Reused . | . . . . . . . . . . . . . . Traps Extracted . | . . . . . . . . . . . . . . Installed . | . . . . . . . . . . . . . . Triggered 2 | . . . . . . . . . 1 1 . . . Machines | -11 -10 -10 -9 -9 -9 -8 -8 -7 -7 -7 -7 -6 -6 ---------- Run | Jun Mat Min Mat Min Exi Min Mat Fac Low Low Zio Pro Fac Machines Disabled 14 | . 2 . 1 . . 1 6 2 . 1 . 1 . Max in Single Turn 1 | . 1 . 1 . . 1 1 1 . 1 . 1 . Garrison Access 1 | . . . . . . . . 1 . . . . . Machines Repaired . | . . . . . . . . . . . . . . Machines Sabotaged . | . . . . . . . . . . . . . . Overloaded Fab Kills . | . . . . . . . . . . . . . . Hacking | -11 -10 -10 -9 -9 -9 -8 -8 -7 -7 -7 -7 -6 -6 --------- Run | Jun Mat Min Mat Min Exi Min Mat Fac Low Low Zio Pro Fac Machines Accessed 35 | . 6 . 9 . 1 . 9 10 . . . . . Terminals 22 | . 5 . 6 . . . 5 6 . . . . . Fabricators 1 | . . . . . . . . 1 . . . . . Repair Stations 4 | . 1 . 1 . . . 1 1 . . . . . Recycling Units 6 | . . . 2 . . . 2 2 . . . . . Scanalyzers 1 | . . . . . . . 1 . . . . . . Garrison Access . | . . . . . . . . . . . . . . Total Hacks 93 | . 16 . 25 . 1 . 30 21 . . . . . Successful 41 | . 5 . 11 . 1 . 15 9 . . . . . Failed 51 | . 11 . 13 . . . 15 12 . . . . . Catastrophic 10 | . 2 . 2 . . . 1 5 . . . . . Database Lockouts 1 | . . . 1 . . . . . . . . . . Manual 33 | . 12 . 12 . 1 . 6 1 . . 1 . . Terminals 64 | . 14 . 19 . . . 19 12 . . . . . Fabricators 3 | . . . . . . . . 3 . . . . . Repair Stations 11 | . 2 . 3 . . . 4 2 . . . . . Recycling Units 12 | . . . 3 . . . 5 4 . . . . . Scanalyzers 2 | . . . . . . . 2 . . . . . . Garrison Access . | . . . . . . . . . . . . . . Terminal Hacks 23 | . 3 . 6 . 1 . 10 3 . . . . . Record 1 | . . . . . . . 1 . . . . . . Robot Schematic 1 | . . . . . . . . 1 . . . . . Robot Analysis 7 | . 2 . 3 . . . 2 . . . . . . Prototype ID Bank 2 | . 1 . . . . . 1 . . . . . . Branch Access Points 2 | . . . . . . . 1 1 . . . . . Alert Level 2 | . . . 1 . . . 1 . . . . . . Unreport Threat 1 | . . . . . . . 1 . . . . . . Hauler Manifests 2 | . . . 1 . . . 1 . . . . . . Zone Layout 4 | . . . 1 . . . 2 1 . . . . . EX-Prototype ID Bank 1 | . . . . . 1 . . . . . . . . Fabricator Hacks 2 | . . . . . . . . 2 . . . . . Load Schematic 1 | . . . . . . . . 1 . . . . . Build 1 | . . . . . . . . 1 . . . . . Repair Station Hacks 8 | . 2 . 2 . . . 2 2 . . . . . Scan Component 4 | . 1 . 1 . . . 1 1 . . . . . Repair 4 | . 1 . 1 . . . 1 1 . . . . . Recycling Unit Hacks 6 | . . . 3 . . . 1 2 . . . . . Retrieve Components 6 | . . . 3 . . . 1 2 . . . . . Scanalyzer 2 | . . . . . . . 2 . . . . . . Insert Component 1 | . . . . . . . 1 . . . . . . Analyze 1 | . . . . . . . 1 . . . . . . Garrison Access Hacks . | . . . . . . . . . . . . . . Unauthorized Hacks . | . . . . . . . . . . . . . . Terminals . | . . . . . . . . . . . . . . Fabricators . | . . . . . . . . . . . . . . Repair Stations . | . . . . . . . . . . . . . . Recycling Units . | . . . . . . . . . . . . . . Scanalyzers . | . . . . . . . . . . . . . . Garrison Access . | . . . . . . . . . . . . . . Data Cores Recovered . | . . . . . . . . . . . . . . Used . | . . . . . . . . . . . . . . Hacking Detections 26 | . 6 . 6 . . . 7 7 . . . . . Full Trace Events 4 | . . . 1 . . . 1 2 . . . . . Feedback Events . | . . . . . . . . . . . . . . Feedback Blocked . | . . . . . . . . . . . . . . Robot Schematics Acquired 4 | . . . . . . . . 1 . . 3 . . Robots Built . | . . . . . . . . . . . . . . Authchips . | . . . . . . . . . . . . . . Time . | . . . . . . . . . . . . . . Total Robot Build Rating . | . . . . . . . . . . . . . . Part Schematics Acquired 16 | . . . . . . . 1 . . . 15 . . Parts Built 1 | . . . . . . . . 1 . . . . . Authchips . | . . . . . . . . . . . . . . Time 51 | . . . . . . . . 51 . . . . . Total Part Build Rating 1 | . . . . . . . . 1 . . . . . Parts Repaired 4 | . 1 . 1 . . . 1 1 . . . . . Time 100 | . 26 . 26 . . . 16 32 . . . . . Parts Recycled . | . . . . . . . . . . . . . . Recycled Matter . | . . . . . . . . . . . . . . Retrieved Matter . | . . . . . . . . . . . . . . Retrieved Components 37 | . . . 16 . . . 10 11 . . . . . Parts Scanalyzed 1 | . . . . . . . 1 . . . . . . Part Schematics Acquired 1 | . . . . . . . 1 . . . . . . Parts Damaged . | . . . . . . . . . . . . . . Bothacking | -11 -10 -10 -9 -9 -9 -8 -8 -7 -7 -7 -7 -6 -6 ------------ Run | Jun Mat Min Mat Min Exi Min Mat Fac Low Low Zio Pro Fac Used RIF Installer . | . . . . . . . . . . . . . . Robots Hacked . | . . . . . . . . . . . . . . Non-combat . | . . . . . . . . . . . . . . Combat . | . . . . . . . . . . . . . . Robot Hacks Applied . | . . . . . . . . . . . . . . Relay Couplers Released 3 | . . . . . . . . 3 . . . . . Machine Destruction 3 | . . . . . . . . 3 . . . . . Fabnet Peak Effective % . | . . . . . . . . . . . . . . Robots Rewired 1 | . . . . . . . . . . . . 1 . Allies Hacked . | . . . . . . . . . . . . . . Hacks Repelled . | . . . . . . . . . . . . . . Allies | -11 -10 -10 -9 -9 -9 -8 -8 -7 -7 -7 -7 -6 -6 -------- Run | Jun Mat Min Mat Min Exi Min Mat Fac Low Low Zio Pro Fac Total Allies 1 | . . . . . . . . . . . . 1 . Largest Group 1 | . . . . . . . . . . . . 1 . Highest-Rated Group 32 | . . . . . . . . . . . . 32 . Highest-Rated Ally 32 | . . . . . . . . . . . . 32 . Total Orders 1 | . . . . . . . . . . . . 1 . STAY 1 | . . . . . . . . . . . . 1 . Ally Attacks 7 | . . . . . . . . . . . . 7 . Total Damage 295 | . . . . . . . . . . . . 295 . Kills 1 | . . . . . . . . . . . . 1 . Allies Corrupted . | . . . . . . . . . . . . . . Allies Melted . | . . . . . . . . . . . . . . Turrets Deployed 2 | . . . . . . . . . . . . 2 . Intel | -11 -10 -10 -9 -9 -9 -8 -8 -7 -7 -7 -7 -6 -6 ------- Run | Jun Mat Min Mat Min Exi Min Mat Fac Low Low Zio Pro Fac Robot Analysis Total 7 | . 2 . 3 . . . 2 . . . . . . Derelict Logs Recovered 7 | . . 1 . 1 . . . . . 2 2 1 . Drone Launches . | . . . . . . . . . . . . . . Drone Recoveries . | . . . . . . . . . . . . . . Exploration | -11 -10 -10 -9 -9 -9 -8 -8 -7 -7 -7 -7 -6 -6 ------------- Run | Jun Mat Min Mat Min Exi Min Mat Fac Low Low Zio Pro Fac Turns Passed 22585 | 88 1254 712 2690 237 615 1200 3251 3336 746 1991 4542 1864 59 Spaces Moved 7452 | 51 499 216 1075 159 421 477 1123 1244 318 375 940 521 33 Core 106 | 2 . . . . . . . . . 2 . 102 . Treads 2817 | 49 499 216 348 . . . . . . 313 940 419 33 Legs . | . . . . . . . . . . . . . . Wheels 4529 | . . . 727 159 421 477 1123 1244 318 60 . . . Hover . | . . . . . . . . . . . . . . Flight . | . . . . . . . . . . . . . . Fastest Speed 50 | 50 160 320 150 150 135 225 105 190 225 225 400 50 160 Average Speed 267 | 155 208 320 205 150 141 225 219 225 225 503 479 308 162 Slowest Speed 4000 | 160 320 320 320 150 225 225 225 425 225 4000 480 3600 240 Overloaded Moves . | . . . . . . . . . . . . . . Propulsion Burnouts . | . . . . . . . . . . . . . . Robots Hopped 2 | . . . . . . . . . . . . 2 . Cave-ins Triggered . | . . . . . . . . . . . . . . Exploration Rate (%) 53 | 6 80 59 85 41 56 82 65 32 49 58 79 54 2 Regions Visited 13 Branch Regions 8 Pre-discovered Areas 2 | . . . . 1 . . . . . . 1 . . Known Exits Taken 1 | . . . . . . . . 1 . . . . . Unknown Exits Taken 12 | 1 1 1 1 1 1 1 1 . 1 1 1 1 . Scrap Searched 10 | . . 3 . 1 . . . . 1 1 1 3 . Spaces Dug 3 | . 1 . . . . . 1 1 . . . . . Terrain Destroyed 234 | . 37 . 11 . . 19 25 55 1 1 . 85 . Melee 3 | . 1 . . . . . 1 1 . . . . . Projectile 7 | . . . . . . . 1 . 1 1 . 4 . AOE 224 | . 36 . 11 . . 19 23 54 . . . 81 . Terrain Rammed . | . . . . . . . . . . . . . . Walls Destroyed . | . . . . . . . . . . . . . . Machines Disabled . | . . . . . . . . . . . . . . Actions | -11 -10 -10 -9 -9 -9 -8 -8 -7 -7 -7 -7 -6 -6 --------- Run | Jun Mat Min Mat Min Exi Min Mat Fac Low Low Zio Pro Fac Total 9103 | 57 635 225 1350 158 445 580 1641 1582 336 412 969 675 38 Wait 756 | . 53 1 105 . 5 89 320 150 4 2 7 19 1 Move 7435 | 50 498 215 1074 158 420 476 1122 1243 317 374 939 516 33 Hop 2 | . . . . . . . . . . . . 2 . Pick Up 127 | 1 16 1 18 . 4 1 46 25 1 2 2 10 . Fast Attach 58 | 6 2 . 5 . 4 . 2 13 1 2 5 17 1 Attach 30 | . 3 . 3 . 1 . 6 6 . 1 2 7 1 Detach 16 | . 3 . . . 1 . 2 4 . . 2 2 2 Swap 92 | . 12 . 12 . 1 2 14 24 5 . 5 17 . Drop 102 | . 3 . 21 . 9 . 13 31 3 2 5 15 . Fire 451 | . 40 7 111 . . 11 114 83 5 29 1 50 . Melee 9 | . 3 . . . . . 2 3 . . 1 . . Ram 2 | . . . 1 . . 1 . . . . . . . Kick . | . . . . . . . . . . . . . . Crush 3 | . 2 1 . . . . . . . . . . . Escape Stasis . | . . . . . . . . . . . . . . Rewire 20 | . . . . . . . . . . . . 20 . Trap . | . . . . . . . . . . . . . . Miscellaneous . | . . . . . . . . . . . . . . Route ------- -11/Junkyard -10/Materials (discovered 3 exits: *Mat x2 / [*Min]) -10/Mines -9/Materials (discovered 5 exits: *Mat x3 / [*Min] / [*Sto]) -9/Mines (discovered 3 exits: *Mat x2 / *Exi) -9/Exiles -8/Mines -8/Materials (discovered 2 exits: *Fac x2) -7/Factory (discovered 3 exits: [*Fac] / *Low x2) -7/Lower Caves -7/Lower Caves (discovered 2 exits: [*Fac] / *Zio) -7/Zion -6/Proximity Caves -6/Factory (discovered 1 exit: Fac) History --------- Turn | Location | Event 13 | -11/Junkyard | Discovered new exit (range 16) 89 | -11/Junkyard | Entered Materials 314 | -10/Materials | Build established: Mutant 411 | -10/Materials | Repaired Lgt. Treads 654 | -10/Materials | Discovered new exit (range 6) 816 | -10/Materials | Discovered new exit (range 15) 1236 | -10/Materials | Discovered new exit (range 12) 1343 | -10/Materials | Entered Mines 1967 | -10/Mines | Discovered new exit (range 4) 2003 | -10/Mines | Learned Materials terminal intel 2055 | -10/Mines | Entered Materials 2055 | -9/Materials | Evolved 2 slots: Utility x1, Weapon x1 2056 | -9/Materials | Loaded intel: 11 terminal locations 2362 | -9/Materials | Build established: Tank 2736 | -9/Materials | Discovered new exit (range 16) 2798 | -9/Materials | Repaired Lgt. Treads 2901 | -9/Materials | Central database locked down 3159 | -9/Materials | Build established: Scavenger-Tank 3540 | -9/Materials | Discovered new exit (range 15) 3579 | -9/Materials | Build established: Tank 3888 | -9/Materials | Discovered new exit (range 15) 4375 | -9/Materials | Discovered new exit (range 5) 4716 | -9/Materials | Discovered new exit (range 7) 4745 | -9/Materials | Entered Mines 4748 | -9/Mines | Learned location of Storage (-9) 4873 | -9/Mines | Discovered new exit (range 10) 4922 | -9/Mines | Discovered new exit (range 11) 4976 | -9/Mines | Deemed a non-threat by the Exiles lab entrance 4976 | -9/Mines | Discovered new exit (range 5) 4982 | -9/Mines | Entered Exiles 5005 | -9/Exiles | Discovered new exit (range 15) 5021 | -9/Exiles | Met 8R-AWN 5040 | -9/Exiles | Met EX-HEX 5077 | -9/Exiles | Met EX-BIN 5093 | -9/Exiles | Aligned with FarCom system 5094 | -9/Exiles | Given EX-Vault access code 5129 | -9/Exiles | Opened EX-Vault 5142 | -9/Exiles | Found Deploy-a-Sentry 5144 | -9/Exiles | Found Deploy-a-Sentry 5175 | -9/Exiles | Warned to stay clear of 0b10 Research branches 5294 | -9/Exiles | Build established: Mutant 5343 | -9/Exiles | Met EX-DEC 5597 | -9/Exiles | Left Exiles lab with Deploy-a-Sentry 5597 | -9/Exiles | Entered Mines 6022 | -8/Mines | Build established: Hauler-Skirmisher 6763 | -8/Mines | Discovered new exit (range 14) 6797 | -8/Mines | Entered Materials 6797 | -8/Materials | Evolved 2 slots: Utility x1, Weapon x1 7085 | -8/Materials | Build established: Hauler-Tank 8597 | -8/Materials | Repaired Arm. Wheel 8869 | -8/Materials | Discovered new exit (range 9) 9821 | -8/Materials | Discovered new exit (range 16) 9997 | -8/Materials | First assault squad dispatched 10048 | -8/Materials | Entered Factory 10048 | -7/Factory | Evolved 2 slots: Utility x2 10809 | -7/Factory | Discovered new exit (range 15) 10937 | -7/Factory | Build established: Hauler-Gunner 11343 | -7/Factory | Fabricated Humpback (x1) 11764 | -7/Factory | Repaired Rocket Launcher 12970 | -7/Factory | Garrison activated, responded to threat 13192 | -7/Factory | Identified exit to Lower Caves 13248 | -7/Factory | First assault squad dispatched 13384 | -7/Factory | Entered Lower Caves 13388 | -7/Lower Caves | Encountered a Warlord checkpoint 14101 | -7/Lower Caves | Discovered new exit (range 14) 14130 | -7/Lower Caves | Entered another Lower Caves area 14136 | -7/Lower Caves | Attracted the attention of an 0b10 checkpoint 14226 | -7/Lower Caves | Learned Factory stockpile data 14531 | -7/Lower Caves | Discovered new exit (range 13) 15744 | -7/Lower Caves | Attacked by a delusional Derelict stockpiling parts 16101 | -7/Lower Caves | Learned location of 1 exit from Factory 16101 | -7/Lower Caves | Discovered new exit (range 4) 16121 | -7/Lower Caves | Entered Zion 16329 | -7/Zion | Found Prototype Device 16329 | -7/Zion | Identified Bomb Factory No. 2 16427 | -7/Zion | System corruption cleaned by Quarantine Array 17343 | -7/Zion | Learned Factory scanalyzer intel 17588 | -7/Zion | Found Prototype Device 17588 | -7/Zion | Identified Phasing AFG 18068 | -7/Zion | Learned location of Quarantine (-3) 18140 | -7/Zion | Learned Factory emergency access door positions 19536 | -7/Zion | Received a hallucinogenic algorithm 20583 | -7/Zion | Discovered new exit (range 16) 20598 | -7/Zion | Attacked by Zionites 20663 | -7/Zion | Entered Proximity Caves 21118 | -6/Proximity Caves | Attracted the attention of an 0b10 checkpoint 21434 | -6/Proximity Caves | Learned Factory stockpile data 21759 | -6/Proximity Caves | Attracted the attention of an 0b10 outpost 21812 | -6/Proximity Caves | DAS Turret deployed 21818 | -6/Proximity Caves | Destroyed 7 combat bots 21835 | -6/Proximity Caves | Core integrity fell below 50% 21839 | -6/Proximity Caves | System corruption reached 10% 21849 | -6/Proximity Caves | DAS Turret deployed 21863 | -6/Proximity Caves | Core integrity fell below 20% 21869 | -6/Proximity Caves | Lost 13 parts (1p3n4u5w) 22516 | -6/Proximity Caves | Discovered new exit (range 9) 22527 | -6/Proximity Caves | Entered Factory 22527 | -6/Factory | Evolved 2 slots: Utility x2 22528 | -6/Factory | Identified exit to Factory 22531 | -6/Factory | Loaded intel: 4 scanalyzer locations 22543 | -6/Factory | Lost 3 parts (1u2w) 22581 | -6/Factory | Found Prototype Processor 22581 | -6/Factory | Identified Exp. Targeting Computer 22586 | -6/Factory | Self-destructed Last Messages --------------- Loading Factory emergency access points (x33)... Loading Factory stockpile data (x8)... Loading Factory scanalyzer intel (x4)... 22555_ C-30 ARC bursts open, deploying its payload. 22555_ G-67 Veteran unfolds itself. 22555_ G-50 Soldier unfolds itself. 22555_ ALERT: All DSF locations entering lockdown mode. 22555_ K-01 Serf collects debris. 22556_ Acquired 80 matter. 22557_ K-01 Serf collects debris. 22559_ K-01 Serf cleans the Subcomponent Replicator. 22568_ Imp. Deuterium Engine destroyed. 22574_ ALERT: Hostiles spotted, dispatching reinforcements to Terminal F001. 22581_ Acquired Prototype Processor. 22581_ Identified Exp. Targeting Computer. 22581_ Malfunction: Lgt. Treads damaged (-66). 22581_ Med. Treads destroyed. 22583_ Discarded Faulty Exp. Targeting Computer. 22583_ Hrd. Medium Armor Plating destroyed. Map ----- +----------------------------------------------------+ | ?????????????????????????????????????????????????? | | ?????????????????????????????????????????????????? | | ?????????????????????????????????????????????????? | | ?????????????????????????????????????????????????? | | ?????????????????????????????????????????????????? | | ?????????????????????????????????????????????????? | | ?????????????????????????????????????????????????? | | ????????????????????????????+????????????????????? | | ?????????????????????????????????????????????????? | | ?????????????????????????????????????????????????? | | ?????????????????????????????????????????????????? | | ?????????????????????????????????????????????????? | | ????????????????????????????+????????????????????? | | ?????????????????????????????????????????????????? | | ?????????????????????????????????????????????????? | | ?????????????????????????????????????????????????? | | ?????????#########???????????????????????????????? | | ?????????# #???????????????????????????????? | | ?????????# #???????????????????????????????? | | ?????????# #???????????????????????????????? | | ?????????# #???????????????????????????????? | | ?????????# #???????????????????????????????? | | ????###??# ###???????????????????????????????? | | #####T ### #?????????????????????????????????? | | ##############????????????????????? | | # @ #????????????????????? | | # #????????????????????? | | # #????????????????????? | | # g #????????????????????? | | ###%" # """"" #????????????????????? | | ??#" # """""g #????????????????????? | | ??# # """ g #????????????????????? | | ??# + #????????????????????? | | ??# # """"" #????????????????????? | | ??# # """"" #????????????????????? | | ??# # """ #????????????????????? | | ??# # #????????????????????? | | ??# ####+#########????????????????????? | | ??# ?? ????????????H???????????????? | | ??# ? ???????????????????????????? | | ??# ? ? #??????????????????????????? | | ??# ??? #??????????????????????????? | | ??# ??? #??????????????????????????? | | ??# ####/####?????#??????????????????????????? | | ???? ???# ????????????????????????????????????? | | ?????? ????# ????????????????????????????????????? | | ???????????# ????????????????????????????????????? | | ???????????? ????????????????????????????????????? | | ?????????????????????????????????????????????????? | | ?????????????????????????????????????????????????? | +----------------------------------------------------+ Best States ------------- Heat Dissipation 51 Energy Generation 19 Energy Capacity 315 Matter Stores 300 Matter Capacity 300 Sight Range 16 Robot Scan Range 15 Terrain Scan Density 10 Armor Coverage 825 Resistance: TH 10 Weapon Shielding 66 Evasion (%) 50 Targeting Accuracy 8 Target Analysis 5 Core Analysis 6 Recoil Reduction 2 Item Schematics ----------------- Humpback | -8/Materials | Scanalyzed Power Maul | -7/Zion | Archive Beamcaster | -7/Zion | Archive Imp. System Shield | -7/Zion | Archive Gauss Rifle | -7/Zion | Archive Arc Thrower | -7/Zion | Archive Ripper | -7/Zion | Archive System Restoration Module | -7/Zion | Archive Lrn. Proton Cannon | -7/Zion | Archive Imp. Target Analyzer | -7/Zion | Archive Arm. Huge Wheel | -7/Zion | Archive Thermal Shield | -7/Zion | Archive Mak. Flight Unit | -7/Zion | Archive Fission Core | -7/Zion | Archive Antigrav System | -7/Zion | Archive Imp. KE Penetrator | -7/Zion | Archive Robot Schematics ------------------ L-31 Rogue | -7/Factory | Hacked A-02 Transporter | -7/Zion | Archive T-07 Excavator | -7/Zion | Archive Y-54 Guardian | -7/Zion | Archive Fabricated ------------ Humpback | x1 | -7/Factory Alien Tech Used ----------------- None Achievements -------------- None Challenges ------------ None Game ------ Seed AerolevGuidanceStreamer Manual? 0 Play Time 01:18:21 Cumulative 129.1 hours Start 2023.03.07 @ 17:49:33 End 2023.03.07 @ 19:30:25 Sessions 1 Manual Loads 0 Difficulty Rogue Special Mode None Game No. 84 Rogue 84 Adventurer 0 Explorer 0 Win Type - Total 1 Types 0/0/1/0/0/0/0/0/0 Lore% 53 Gallery% 67 Achievement% 55 Wizard Run 0 Options --------- ASCII 1 Keyboard 1 Movement Numpad Keybinds 0 Fullscreen 0 Font 16/Terminus Map View 76x50 Tactical HUD 1 Map Filters NONE Filters NONE Steam 1 RUN: 1d09020f-dec3-498b-aea8-66e5c6876b68